 Dungeon Sprint DCSS version 0.22-a0-858-g985ef60 (webtiles) character file.

17200000 protoss039 the Axe Maniac (level 27, -39/273 HPs)
             Began as a Ghoul Warper on July 27, 2018.
             Was the Champion of Makhleb.
             Annihilated by The Captor
             ... wielding a +9 triple sword of slicing
              (163 damage)
             ... in the Dungeon (Sprint VIII: "Arena of Blood").
             The game lasted 00:11:02 (172 turns).

protoss039 the Axe Maniac (Ghoul Warper)             Turns: 172, Time: 00:11:03

Health: -39/273    AC:  6    Str: 19    XL:     27
Magic:  53/53      EV: 32    Int:  8    God:    Makhleb [******]
Gold:   0          SH:  0    Dex: 17    Spells: 80/80 levels left

rFire    + . .     SeeInvis .   b - +∞ Axe of Woe
rCold    + . .     Gourm    .   (shield currently unavailable)
rNeg     + + +     Faith    .   a - +0 leather armour
rPois    ∞         Spirit   .   (no helmet)
rElec    .         Reflect  .   (no cloak)
rCorr    .         Harm     .   (no gloves)
MR       ++...     NoTele   +   (no boots)
Stlth    +++++++++.             (no amulet)
HPRegen  0.00/turn              k - ring of protection from fire
MPRegen  0.33/turn              (no ring)

@: rotting, slowed, very slow
A: rotting body, claws 1, carnivore, cold resistance 1, negative energy
resistance 3, inhibited regeneration, torment resistance, unbreathing
a: Minor Destruction, Lesser Servant of Makhleb, Major Destruction, Greater
Servant of Makhleb, Renounce Religion


You were in the Dungeon.
You worshipped Makhleb.
Makhleb was exalted by your worship.
You were not hungry.

You visited 1 branch

Inventory:

Hand Weapons
 b - the +∞ Axe of Woe (weapon)
   (You found it in the Dungeon)
Missiles
 d - 5 tomahawks of dispersal (quivered)
Armour
 a - a +0 leather armour (worn)
Jewellery
 k - a ring of protection from fire (left claw)
Scrolls
 c - 2 scrolls of blinking
Potions
 e - a potion of curing
 i - 2 potions of magic
 j - a potion of berserk rage
Comestibles
 f - a ration


   Skills:
 O Level 27 Fighting
 O Level 27 Axes
 O Level 27 Throwing
 O Level 27 Armour
 O Level 27 Dodging
 O Level 27 Stealth
 O Level 27 Unarmed Combat
 O Level 27 Spellcasting
   Level 2.6 Translocations
 O Level 27 Invocations


You had 80 spell levels left.
You didn't know any spells.
Your spell library contained the following spells:

 Spells                   Type           Power        Failure   Level  Hunger
 Teleport Other           Tloc           ###.....     3%          3    None
 Blink                    Tloc           N/A          1%          2    None
 Passage of Golubria      Tloc           N/A          10%         4    ##.....
 Shroud of Golubria       Chrm/Tloc      ##........   2%          2    None
 Gell's Gravitas          Tloc           ###.......   3%          3    None
 Lesser Beckoning         Tloc           ###.......   3%          3    None


Dungeon Overview and Level Annotations

Branches:
Dungeon (1/1)

Altars:
Makhleb

Annotations:
D The Captor, The Meatlord, The Servant


Innate Abilities, Weirdness & Mutations

Your body is rotting away.
You thrive on raw meat.
You are immune to poison.
You have sharp fingernails.
You are carnivorous and can eat meat at any time.
Your flesh is cold resistant. (rC+)
You are immune to negative energy. (rN+++)
You do not regenerate when monsters are visible.
You are immune to unholy pain and torment.
You can survive without breathing.


Message History

The blast of lightning engulfs the large abomination.
The blast of lightning engulfs something.
The blast of lightning engulfs the bag of meat. x3
You hear a shout! x2
The Captor is engulfed in blazing flames.
A meat beast comes into view.
The Servant hits you from afar with a +9 glaive of flaming!!!!
The Servant burns you.
A bag of meat comes into view. It is wielding a +9 war axe.
The meat beast is engulfed in blazing flames.
You hear a shout!
A sculptor of flesh comes into view. It is wielding a +9 great sword.
The fleshlord casts a spell at you.
You feel as though you will be slow longer.
A destroyer comes into view.
It is wielding a +9 great sword of slicing.
The accursed points at you and mumbles some strange words.
Something smites you!
The Captor hits you with a +9 triple sword of slicing!!!!!
Ouch! That really hurt!
You die...

......%........o......
..#.%...%............
...#%...%%..#.......#
X§....#.....#.......# .
)))#))%..V###.M..XD.###X.
.)))))........§###zLX.S..
)))))).#...pp).)_).OX....
...))#)).%M){#)))O)#o...
###))))).)ox.#_)@2§# .
#....#)).).))#))§@§#...
.......#)M)2.M).§@1o.o.o
...........))).###.X...o
.......%..###.......###z1
..).%...z...#.....o.# .
............#.......#
...#.....W..........o
..#.#.#....p....p.M...


You could see 2 accurseds, a tentacled monstrosity (wandering), a Tzitzimitl, 2
meat beasts, a tyrant, The Servant, an eight-headed meat hydra, a destroyer
(wandering), a scourge, 2 fleshlords, 2 sculptors of flesh, 3 large
abominations, The Captor, 2 meat berserkers and 5 bags of meat.

Vanquished Creatures
  6 hell knights (D)
  8 hell beasts (D)
  Edmund (D)
  8 greater mummies (D)
  9 great orbs of eyes (D)
  13 wraiths (D)
  17 vampire knights (D)
  57 ogres (D)
  12 two-headed ogres (D)
  7 liches (D)
  7 hydras (D)
  105 orcs (D)
  10 phantoms (D)
  7 skeletal warriors (D)
  6 sea snakes (D)
  6 large abominations (D)
  20 small abominations (D)
  27 crawling corpses (D)
326 creatures vanquished.

Vanquished Creatures (others)
  A ball lightning (D)
  18 crawling corpses (D)
19 creatures vanquished.

Grand Total: 345 creatures vanquished

Notes
Turn   | Place    | Note
-------+----------+-------------------------------------------
     0 | D        | Found the +∞ Axe of Woe
     0 | D        | protoss039 the Ghoul Warper began the quest for the Orb.
     0 | D        | Reached XP level 1. HP: 17/17 MP: 2/2
     1 | D        | Noticed a bag of meat
     2 | D        | Noticed a bag of meat
     3 | D        | Became a worshipper of Makhleb the Destroyer
     3 | D        | Noticed a meat berserker
     3 | D        | Noticed a bag of meat
     3 | D        | Noticed a meat berserker
     5 | D        | Killed a meat berserker
     5 | D        | Reached XP level 2. HP: 57/57 MP: 3/3
     5 | D        | Reached XP level 3. HP: 64/64 MP: 4/4
     5 | D        | Reached XP level 4. HP: 72/72 MP: 5/5
     5 | D        | Reached XP level 5. HP: 80/80 MP: 6/6
     5 | D        | Reached XP level 6. HP: 88/88 MP: 7/7
     5 | D        | Reached XP level 7. HP: 95/95 MP: 8/8
     5 | D        | Reached XP level 8. HP: 103/103 MP: 9/9
     5 | D        | Reached XP level 9. HP: 110/110 MP: 10/10
     5 | D        | Reached XP level 10. HP: 118/118 MP: 11/11
     5 | D        | Reached XP level 11. HP: 125/125 MP: 12/12
     5 | D        | Reached XP level 12. HP: 134/134 MP: 13/13
     5 | D        | Reached XP level 13. HP: 140/140 MP: 14/14
     5 | D        | Noticed a bag of meat
     5 | D        | Noticed a bag of meat
     7 | D        | Killed a bag of meat
     7 | D        | Reached * piety under Makhleb
     7 | D        | Reached XP level 14. HP: 152/152 MP: 15/15
     7 | D        | Noticed a meat berserker
     7 | D        | Noticed a meat berserker
     8 | D        | Killed a meat berserker
     8 | D        | Reached skill level 27 in Axes
     8 | D        | Reached XP level 15. HP: 171/171 MP: 16/16
     8 | D        | Reached skill level 27 in Fighting
     8 | D        | Noticed a meat berserker
    11 | D        | Killed a meat berserker
    11 | D        | Reached ** piety under Makhleb
    11 | D        | Reached skill level 15 in Dodging
    11 | D        | Reached XP level 16. HP: 170/183 MP: 16/27
    11 | D        | Noticed a meat berserker
    12 | D        | Reached XP level 17. HP: 191/191 MP: 16/31
    12 | D        | Killed a meat berserker
    12 | D        | Reached *** piety under Makhleb
    12 | D        | Killed a meat berserker
    12 | D        | Reached skill level 27 in Invocations
    12 | D        | Reached XP level 18. HP: 200/200 MP: 16/34
    12 | D        | Noticed a meat berserker
    14 | D        | Killed a meat berserker
    14 | D        | Reached skill level 27 in Dodging
    14 | D        | Reached **** piety under Makhleb
    14 | D        | Reached XP level 19. HP: 207/207 MP: 17/35
    14 | D        | Reached skill level 10 in Spellcasting
    16 | D        | Killed a meat berserker
    17 | D        | Noticed a meat berserker
    17 | D        | Noticed a meat berserker
    18 | D        | Noticed a meat berserker
    18 | D        | Noticed a meat berserker
    18 | D        | Noticed a large bag of meat
    18 | D        | Noticed a meat berserker
    19 | D        | Killed a meat berserker
    19 | D        | Reached ***** piety under Makhleb
    19 | D        | Reached skill level 15 in Spellcasting
    19 | D        | Reached XP level 20. HP: 216/216 MP: 18/38
    19 | D        | Noticed a meat berserker
    21 | D        | Killed a meat berserker
    21 | D        | Reached XP level 21. HP: 224/224 MP: 18/41
    21 | D        | Killed a meat berserker
    21 | D        | Noticed a meat berserker
    23 | D        | Killed a meat berserker
    23 | D        | Reached skill level 27 in Stealth
    23 | D        | Reached XP level 22. HP: 233/233 MP: 18/46
    24 | D        | Noticed a large bag of meat
    25 | D        | Killed a large bag of meat
    25 | D        | Reached ****** piety under Makhleb
    25 | D        | Reached skill level 27 in Unarmed Combat
    25 | D        | Reached skill level 27 in Throwing
    25 | D        | Reached skill level 27 in Armour
    25 | D        | Reached XP level 23. HP: 240/240 MP: 19/52
    27 | D        | Noticed a large bag of meat
    28 | D        | Noticed a large bag of meat
    29 | D        | Reached skill level 27 in Spellcasting
    30 | D        | Reached XP level 24. HP: 249/249 MP: 20/53
    33 | D        | Killed a large bag of meat
    33 | D        | Reached XP level 25. HP: 257/257 MP: 21/53
    34 | D        | Noticed a large bag of meat
    34 | D        | Noticed a destroyer
    35 | D        | Reached XP level 26. HP: 266/266 MP: 22/53
    36 | D        | Noticed a destroyer
    37 | D        | Killed a destroyer
    37 | D        | Killed a large bag of meat
    37 | D        | Reached XP level 27. HP: 221/273 MP: 22/53
    38 | D        | Noticed a destroyer
    39 | D        | Noticed a destroyer
    40 | D        | Killed a destroyer
    40 | D        | Noticed a destroyer
    42 | D        | Noticed a destroyer
    42 | D        | Noticed a large bag of meat
    42 | D        | Noticed a destroyer
    43 | D        | Noticed a large bag of meat
    44 | D        | Killed a destroyer
    46 | D        | Killed a large bag of meat
    47 | D        | Killed a destroyer
    47 | D        | Killed a destroyer
    47 | D        | Killed a large bag of meat
    49 | D        | Killed a destroyer
    49 | D        | Noticed a destroyer
    49 | D        | Noticed a tyrant
    51 | D        | Killed a destroyer
    51 | D        | Noticed a tyrant
    52 | D        | Noticed a destroyer
    54 | D        | Noticed a large bag of meat
    55 | D        | Killed a destroyer
    55 | D        | Noticed a tyrant
    57 | D        | Killed a large bag of meat
    60 | D        | Noticed an accursed
    66 | D        | Killed a tyrant
    70 | D        | Noticed a large bag of meat
    71 | D        | Noticed a dread
    72 | D        | Killed a large bag of meat
    73 | D        | Noticed a destroyer
    74 | D        | Noticed a meat beast
    75 | D        | Noticed a large bag of meat
    76 | D        | Killed a large bag of meat
    77 | D        | Noticed a dread
    77 | D        | Noticed a dread
    78 | D        | Killed a destroyer
    80 | D        | Killed a meat beast
    80 | D        | Killed a large bag of meat
    81 | D        | Killed a dread
    82 | D        | Killed a destroyer
    82 | D        | Killed a large bag of meat
    86 | D        | Killed a tyrant
    87 | D        | Killed a tyrant
    87 | D        | Killed an accursed
    88 | D        | Noticed a destroyer
    88 | D        | Noticed a large bag of meat
    90 | D        | Noticed an accursed
    91 | D        | Killed a dread
    92 | D        | Killed a large bag of meat
    93 | D        | Killed a destroyer
    95 | D        | Noticed a destroyer
    95 | D        | Noticed a destroyer
    96 | D        | Killed a dread
    99 | D        | Killed a destroyer
   100 | D        | Noticed The Defiler
   102 | D        | Killed a destroyer
   106 | D        | Killed an accursed
   108 | D        | Noticed a dread
   108 | D        | Noticed an accursed
   109 | D        | Killed The Defiler
   109 | D        | Noticed an accursed
   111 | D        | Noticed a meat beast
   114 | D        | Noticed a dread
   117 | D        | Noticed a dread
   118 | D        | Killed a meat beast
   119 | D        | Noticed a tyrant
   120 | D        | Noticed an accursed
   121 | D        | Noticed a tyrant
   123 | D        | Noticed a fleshlord
   123 | D        | Noticed a dread
   124 | D        | Killed a dread
   127 | D        | Noticed a fleshlord
   127 | D        | Noticed a destroyer
   127 | D        | Noticed a dread
   127 | D        | Noticed a fleshlord
   127 | D        | Noticed an accursed
   129 | D        | Killed a dread
   129 | D        | Noticed a dread
   130 | D        | Killed a tyrant
   130 | D        | Noticed an accursed
   131 | D        | Killed a fleshlord
   131 | D        | Killed a fleshlord
   131 | D        | Noticed a fleshlord
   132 | D        | Noticed a dread
   133 | D        | Killed a tyrant
   134 | D        | Noticed The Servant
   134 | D        | Noticed an accursed
   136 | D        | Noticed a destroyer
   136 | D        | Noticed a tyrant
   137 | D        | Noticed a fleshlord
   138 | D        | Killed a destroyer
   138 | D        | Noticed a dread
   142 | D        | Killed a dread
   143 | D        | Killed a dread
   144 | D        | Killed a dread
   144 | D        | Killed a dread
   144 | D        | Killed a dread
   144 | D        | Noticed a meat beast
   146 | D        | Noticed a meat beast
   146 | D        | Noticed a meat beast
   149 | D        | Noticed a large bag of meat
   149 | D        | Noticed a meat beast
   150 | D        | Killed a fleshlord
   150 | D        | Killed a meat beast
   152 | D        | Killed a meat beast
   154 | D        | Killed a fleshlord
   154 | D        | Killed an accursed
   154 | D        | Noticed a destroyer
   156 | D        | Killed a destroyer
   157 | D        | Killed a meat beast
   157 | D        | Killed a meat beast
   157 | D        | Noticed The Meatlord
   157 | D        | Noticed a meat beast
   157 | D        | Noticed an accursed
   158 | D        | Killed a destroyer
   158 | D        | Noticed a fleshlord
   159 | D        | Killed an accursed
   159 | D        | Noticed a dread
   160 | D        | Killed an accursed
   161 | D        | Killed a large bag of meat
   161 | D        | Noticed a tyrant
   161 | D        | Noticed an accursed
   161 | D        | Noticed an accursed
   161 | D        | Noticed a dread
   162 | D        | Killed an accursed
   162 | D        | Killed a meat beast
   163 | D        | Killed a fleshlord
   163 | D        | Killed a tyrant
   163 | D        | Noticed a tyrant
   164 | D        | Killed a fleshlord
   165 | D        | Noticed a destroyer
   166 | D        | Noticed The Captor
   166 | D        | Killed an accursed
   167 | D        | Noticed a meat beast
   167 | D        | Noticed a meat beast
   169 | D        | Killed a dread
   169 | D        | Killed a dread
   169 | D        | Killed a dread
   169 | D        | Noticed a fleshlord
   170 | D        | Killed an accursed
   170 | D        | Noticed a fleshlord
   171 | D        | Killed a meat beast
   172 | D        | Killed a tyrant
   172 | D        | Killed a destroyer
   172 | D        | Noticed a meat beast
   172 | D        | Noticed a destroyer
   172 | D        | Annihilated by The Captor

Vault maps used:
D:        meatsprint

Skill      XL: |  1  2  3  4  5  6  7  8  9 10 11 12 13 14 15 16 17 18 19 20 21 22 23 |
---------------+----------------------------------------------------------------------+-----
Fighting       | 20 21 26 27 | 27.0
Axes           | 23 25 27 | 27.0
Dodging        | 15 19 25 27 | 27.0
Invocations    | 17 22 27 | 27.0
Throwing       | 9 16 19 23 27 | 27.0
Armour         | 9 16 19 23 27 | 27.0
Stealth        | 12 20 23 27 | 27.0
Unarmed Combat | 11 19 21 26 27 | 27.0
Spellcasting   | 8 15 17 21 26 27 | 27.0
Translocations | |  2.6

Action                   |  1- 3 |  4- 6 |  7- 9 | 10-12 | 13-15 | 16-18 | 19-21 | 22-24 | 25-27 || total
-------------------------+-------+-------+-------+-------+-------+-------+-------+-------+-------++-------
Melee: Executioner's axe |     1 |       |       |       |     3 |     2 |     5 |     4 |    91 ||   106
Invok: Greater Servant o |       |       |       |       |       |       |       |       |     2 ||     2
  Use: Potion            |       |       |       |       |       |       |       |       |     2 ||     2
Armor: Leather armour    |       |       |       |       |       |       |       |       |     1 ||     1
Dodge: Dodged            |       |       |       |       |     2 |       |       |     1 |    28 ||    31

Table legend:
 A = Spawn XP
 B = Non-spawn XP
 C = Spawn XP percentage of total XP
 D = Spawn monster count
 E = Non-spawn monster count
 F = Spawn count percentage of total count
 G = Total turns spent on level
                    A         B        C        D         E        F      G
               +---------+---------+-------+---------+---------+-------+---------
         Total |       0 | 8999999 |   0.0 |       0 |     293 |   0.0 |   172
               +---------+---------+-------+---------+---------+-------+---------
             D |       0 | 8999999 |   0.0 |       0 |     293 |   0.0 |   172
               +---------+---------+-------+---------+---------+-------+---------
